 Dungeon Crawl Stone Soup version 0.25.1-1-g288607f5aa (webtiles) character file.

Game seed: 17907983987164921407

3535 Descartes the Covert (level 9, 0/41 HPs)
             Began as a Felid Wanderer on July 23, 2020.
             Was a Priest of Elyvilon.
             Slain by a polar bear (2 damage)
             ... on level 8 of the Dungeon.
             The game lasted 00:21:48 (11087 turns).

Descartes the Covert (Felid Wanderer)              Turns: 11087, Time: 00:21:49

Health: 0/41       AC:  2    Str: 10    XL:     9   Next: 82%
Magic:  10/10      EV: 26    Int: 13    God:    Elyvilon [***...]
Gold:   742        SH:  5    Dex: 17    Spells: 8/8 levels left
                                        Lives:  0   Deaths: 2

rFire    . . .     SeeInvis +     - Unarmed
rCold    + . .     Gourm    .   (shield unavailable)
rNeg     . . .     Faith    .   (armour unavailable)
rPois    .         Spirit   .   (helmet unavailable)
rElec    .         Reflect  +   (cloak unavailable)
rCorr    .         Harm     .   (gloves unavailable)
MR       +....                  (boots unavailable)
Stlth    +++++.....             r - amulet of reflection
HPRegen  0.13/turn              (no ring)
MPRegen  0.12/turn              D - ring of ice

@: quick
A: very small, no armour, no weapons or thrown items, stealth, claws 1, fangs 3,
see invisible, carnivore, fire resistance 1, speed 1, shaggy fur 2, slow
metabolism 1, evolution 1, MP-powered wands, sharp paws
a: Lesser Healing, Heal Other, Purification, Divine Protection, Renounce
Religion


You were on level 8 of the Dungeon.
You worshipped Elyvilon.
Elyvilon was most pleased with you.
You were completely stuffed.

You visited 2 branches of the dungeon, and saw 9 of its levels.
You also visited: Ossuary.

You collected 742 gold pieces.

Inventory:

Missiles
 i - 107 arrows
 p - 126 stones
Jewellery
 m - an uncursed amulet of magic regeneration
 r - an amulet of reflection (around neck)
 D - a ring of ice (right paw)
Wands
 l - a wand of flame (19)
 v - a wand of enslavement (9)
 C - a wand of paralysis (10)
 G - a wand of iceblast (19)
Scrolls
 a - a scroll of blinking
 h - 2 scrolls of noise
 k - 6 scrolls of teleportation
 o - a scroll of fear {unknown}
 s - a scroll of fog
 y - a scroll of remove curse
 B - 2 scrolls of enchant armour {unknown}
 E - a scroll of immolation {unknown}
Potions
 b - 2 potions of berserk rage
 c - a potion of lignification
 e - a potion of heal wounds
 g - 3 potions of flight
 j - 5 potions of curing
 n - 2 potions of cancellation
 t - a potion of might
 u - 3 potions of haste
 w - 3 potions of degeneration
 x - 3 potions of stabbing
 z - 2 potions of brilliance
 A - a potion of ambrosia
 H - a potion of invisibility {unknown}
Comestibles
 d - 10 rations


   Skills:
 - Level 6.0 Fighting
 + Level 10.0 Dodging
 + Level 10.0 Stealth
 - Level 10.0 Unarmed Combat
 + Level 0.2 Evocations


You had 8 spell levels left.
You didn't know any spells.
Your spell library was empty.

Dungeon Overview and Level Annotations

Branches:
Dungeon (8/15)             Temple (1/1) D:5         Ossuary (visited)
   Lair: D:8-11

Altars:
Ashenzari
Cheibriados
Dithmenos
Elyvilon
Fedhas
Gozag
Hepliaklqana
Makhleb
Nemelex Xobeh
Okawaru
Qazlal
Ru
Sif Muna
Uskayaw
Vehumet
Wu Jian
Xom
Yredelemnul
Zin
The Shining One

Shops:
D:4 =   D:6 (


Innate Abilities, Weirdness & Mutations

You cannot wear armour.
You are incapable of wielding weapons or throwing items.
Your paws allow you to move quietly. (Stealth)
You have sharp claws.
You have razor-sharp teeth.
You have supernaturally acute eyesight. (SInv)
You are carnivorous and can eat meat at any time.
You cover ground quickly.
You are covered in thick fur. (AC +2)
You have a slow metabolism.
Your sharp claws are effective at attacking unaware monsters.
Your flesh is heat resistant. (rF+)
You evolve.
You expend magic power (3 MP) to strengthen your wands.


Message History

The polar bear is severely wounded.
You block the polar bear's attack.
The polar bear completely misses you. x2
You claw the polar bear!
The polar bear is almost dead.
The polar bear goes berserk!
You claw the polar bear!
You claw the polar bear, but do no damage.
The polar bear is almost dead.
The polar bear completely misses you. x2; The polar bear claws you.
You scratch the polar bear but do no damage.
You claw the polar bear.
You bite the polar bear, but do no damage.
The polar bear is almost dead.
You block the polar bear's attack. The polar bear misses you.
The polar bear claws you.
* * * LOW HITPOINT WARNING * * *
The polar bear bites you!
* * * LOW HITPOINT WARNING * * *
The polar bear claws you.
You die...

...................#
.....#.....#.....###
.....#.....#####.#
...........# #.##
.........######..#
##............#.#
####............#.#
##...........#....#
.#...........#..@.#
.#..#.#......#..h.#
.....§§§.....#...##
...§#§#§.#...#...#
.#..§§§......#..##
.#..§..§........
####.......##### #
###...### # ..##


You could see a polar bear (berserk).

Vanquished Creatures
  Joseph (D:8)
  A polar bear (D:8)
  A hippogriff (D:4)
  A yak (D:8)
  A steam dragon (D:8)
  A hungry ghost (D:7)
  A water moccasin (D:5)
  Duvessa (D:6)
  An ice beast (D:7)
  2 phantoms
  2 ogres
  2 wolves (D:8)
  2 centaurs
  3 bullfrogs
  Blork the orc (D:4)
  Dowan (D:6)
  2 water moccasin zombies (Ossuary)
  A scorpion (D:4)
  An electric eel (D:8)
  3 crimson imps
  A centaur zombie (D:8)
  3 howler monkeys
  A quasit (D:7)
  2 bullfrog zombies
  2 hounds
  A jelly (D:5)
  3 orc priests
  A centaur skeleton (D:8)
  A bullfrog skeleton (D:8)
  Crazy Yiuf (D:2)
  2 iguanas
  7 orc wizards
  4 worker ants
  2 big kobold zombies (Ossuary)
  A bullfrog simulacrum (D:8)
  A centaur simulacrum (D:8)
  A hound zombie (D:5)
  2 mummies (Ossuary)
  2 worker ant zombies
  Robin (D:2)
  2 howler monkey zombies
  2 howler monkey skeletons (D:6)
  10 adders
  A shadow imp (D:6)
  A white imp (D:8)
  A howler monkey simulacrum (D:8)
  An ufetubus (D:8)
  3 oozes (D:3)
  4 adder zombies (Ossuary)
  2 adder skeletons
  2 worms
  2 dart slugs
  3 leopard geckos
  26 orcs
  8 bats
  3 giant cockroaches
  A gnoll zombie (Ossuary)
  7 hobgoblins
  10 jackals
  3 quokkas
  2 ball pythons
  9 frilled lizards
  10 goblins
  3 hobgoblin zombies (Ossuary)
  6 kobolds
  4 kobold zombies (Ossuary)
  A leopard gecko skeleton (D:5)
  A leopard gecko zombie (D:6)
  6 orc zombies (Ossuary)
  A quokka skeleton (D:4)
  2 quokka zombies
  10 rats
215 creatures vanquished.

Notes
Turn   | Place    | Note
-------+----------+-------------------------------------------
     0 | D:1      | Descartes the Felid Wanderer began the quest for the Orb.
     0 | D:1      | Descartes set off with the following items: a scroll of
                  | blinking, a potion of berserk rage, 2 potions of
                  | lignification, a ration
     0 | D:1      | Reached XP level 1. HP: 11/11 MP: 2/2
   297 | D:1      | Reached skill level 5 in Stealth
   297 | D:1      | Reached XP level 2. HP: 13/15 MP: 3/3
   895 | D:2      | Reached XP level 3. HP: 12/18 MP: 4/4
  1792 | D:2      | Found a runed translucent door.
  1792 | D:2      | Noticed Robin
  1793 | D:2      | Killed Robin
  1794 | D:2      | Noticed Crazy Yiuf
  1797 | D:2      | Reached XP level 4. HP: 22/22 MP: 5/5
  1846 | D:2      | Noticed a bullfrog
  1850 | D:2      | Killed a bullfrog
  1868 | D:2      | Reached XP level 5. HP: 25/25 MP: 6/6
  2123 | D:2      | Killed Crazy Yiuf
  2123 | D:2      | Reached skill level 1 in Dodging
  2337 | D:3      | Found an ornate altar of the Wu Jian Council.
  2504 | D:3      | Found a white marble altar of Elyvilon.
  2517 | D:3      | Became a worshipper of Elyvilon the Healer
  2563 | D:3      | Found a shattered altar of Ashenzari.
  2850 | D:4      | Noticed Blork the orc
  2857 | D:4      | Killed Blork the orc
  2857 | D:4      | Gained mutation: You are covered in thick fur. (AC +2)
                  | [Felid growth]
  2857 | D:4      | Reached XP level 6. HP: 28/28 MP: 7/7
  3029 | D:4      | Found Oraddiur's Jewellery Shoppe.
  3033 | D:4      | Found a sand-covered staircase.
  3041 | Ossuary  | Entered an ossuary
  3364 | Ossuary  | HP: 1/28 [orc zombie (3)]
  3381 | Ossuary  | Slain by a big kobold zombie
  3382 | Ossuary  | Reached XP level 5. HP: -1/25 MP: 6/6
  3416 | Ossuary  | Reached skill level 5 in Unarmed Combat
  3507 | Ossuary  | Reached XP level 6. HP: 28/28 MP: 7/7
  3772 | D:4      | Noticed a hippogriff
  3779 | D:4      | Killed a hippogriff
  3779 | D:4      | Reached XP level 7. HP: 32/32 MP: 8/8
  3801 | D:4      | HP: 1/32 [orc wizard/puff of flame (8)]
  4141 | D:4      | Reached * piety under Elyvilon
  4440 | D:4      | Slain by an orc
  4441 | D:4      | Reached XP level 6. HP: -3/28 MP: 7/7
  5222 | D:5      | Entered Level 5 of the Dungeon
  5246 | D:5      | Found a staircase to the Ecumenical Temple.
  5789 | Temple   | Entered the Ecumenical Temple
  6136 | D:5      | Reached XP level 7. HP: 32/32 MP: 8/8
  6362 | D:5      | Found a hazy altar of Hepliaklqana.
  6524 | D:5      | Found a glowing golden altar of the Shining One.
  6782 | D:5      | Found a glowing golden altar of the Shining One.
  6845 | D:5      | Found a staircase to the Ecumenical Temple.
  6921 | D:5      | Found a hazy altar of Hepliaklqana.
  7272 | D:6      | Reached skill level 10 in Stealth
  7663 | D:6      | Found a blossoming altar of Fedhas.
  7663 | D:6      | Found a stormy altar of Qazlal.
  7704 | D:6      | Reached XP level 8. HP: 36/36 MP: 9/9
  7841 | D:6      | Found a glowing silver altar of Zin.
  7893 | D:6      | Reached ** piety under Elyvilon
  7906 | D:6      | Noticed Duvessa
  7906 | D:6      | Noticed Dowan
  7937 | D:6      | Killed Duvessa
  7947 | D:6      | Killed Dowan
  8121 | D:6      | Found Bawaczar's Antique Weapon Emporium.
  8501 | D:7      | Found a basalt altar of Yredelemnul.
  8782 | D:7      | Reached skill level 5 in Dodging
  8996 | D:7      | Found a hide-covered altar of Uskayaw.
  8996 | D:7      | Reached *** piety under Elyvilon
  9012 | D:7      | Found a hide-covered altar of Uskayaw.
  9118 | D:7      | Found a burning altar of Makhleb.
  9824 | D:8      | Reached skill level 10 in Unarmed Combat
  9853 | D:8      | Reached XP level 9. HP: 25/40 MP: 10/10
  9854 | D:8      | Found a stormy altar of Qazlal.
  9897 | D:8      | Reached skill level 5 in Fighting
  9920 | D:8      | Gained mutation: Your flesh is heat resistant. (rF+)
                  | [potion of mutation]
  9920 | D:8      | Gained mutation: You evolve. [potion of mutation]
 10377 | D:8      | Gained mutation: You expend magic power (3 MP) to
                  | strengthen your wands. [evolution]
 10689 | D:8      | Noticed a polar bear
 10724 | D:8      | Killed a polar bear
 10777 | D:8      | Noticed Joseph
 10797 | D:8      | Killed Joseph
 10802 | D:8      | Reached skill level 10 in Dodging
 11071 | D:8      | Noticed a polar bear
 11087 | D:8      | HP: 2/41 [polar bear (7)]
 11087 | D:8      | Slain by a polar bear

Illustrated notes

Levels and vault maps discovered:
D:1:      minmay_arrival_semitransparent, layout_basic
D:2:      layout_basic, first_ration, uniq_crazy_yiuf_cottage, uniq_robin
D:3:      layout_loops_ring, lemuel_crystal_altar, elyvilon_altar_5,
          lemuel_round_altar
D:4:      cheibrodos_pilgrimage, layout_cave_pools, enter_ossuary_2,
          serial_shops, shop_coins, skrybe_limestone_x, uniq_blork_the_orc
D:5:      layout_loops_ring, lemuel_crystal_altar, tso_oasis_becter,
          minmay_temple_entry_glass
D:6:      layout_loops_corners, grunt_temple_overflow_forces_of_nature,
          lemuel_doored_altar, serial_shops, shop, uniq_duvessa
D:7:      layout_basic, bloody_makhleb, eat_drink_and_be_merry_uskayaw,
          nicolae_overflow_hidden_temple, basic_altar, grunt_ministairs_12
D:8:      minmay_gate_of_8, layout_cave_pools, kennysheep_little_box,
          erik_lair_dragon, basic_altar, serial_ice, serial_ice_e, serial_ice_a,
          serial_ice_o, serial_ice_l, serial_ice_c, serial_ice_h, serial_ice_f,
          serial_ice_g, serial_ice_b, serial_ice_n, kennysheep_generic_room_8,
          uniq_joseph
Temple:   nicolae_temple_figure_zero

Skill      XL: |  1  2  3  4  5  6  7  8  9 |
---------------+----------------------------+-----
Stealth        | 5 6 7 8 9 10 | 10.0
Dodging        | 2 3 4 5 10 | 10.0
Unarmed Combat | 5 6 8 10 | 10.0
Fighting       | 6 |  6.0
Evocations     | |  0.2

Action                   |  1- 3 |  4- 6 |  7- 9 || total
-------------------------+-------+-------+-------++-------
Melee: Unarmed           |    95 |   290 |   354 ||   739
       Punch             |     1 |     5 |    15 ||    21
       Bite              |    10 |    31 |    38 ||    79
  Use: Potion            |       |     1 |     4 ||     5
       Scroll            |       |       |    13 ||    13
 Stab: Sleeping          |    11 |    28 |    24 ||    63
       Distracted        |       |     2 |     3 ||     5
  Eat: Chunk             |     9 |    13 |    20 ||    42
Armor: Skin              |     4 |    13 |    23 ||    40
Dodge: Dodged            |    44 |   187 |   216 ||   447
Block: Other             |       |    18 |    47 ||    65
